 Dungeon Crawl Stone Soup version 0.27-a0-1181-g5f64966fcc (webtiles) character file.

Game seed: 12463227453066333735

2133 leviel the Thaumaturge (level 9, -1/55 HPs)
             Began as a Djinni Necromancer on May 17, 2021.
             Slain by a centaur zombie (2 damage)
             ... on level 8 of the Dungeon.
             The game lasted 00:26:56 (11762 turns).

leviel the Thaumaturge (Djinni Necromancer)        Turns: 11762, Time: 00:26:56

Health: -1/55      AC:  6    Str:  7    XL:     9   Next: 55%
Gold:   175        EV: 13    Int: 19    God:
                   SH:  7    Dex: 15

rFire    + + .     SeeInvis .   e - staff of death
rCold    x . .     Faith    .   y - +0 kite shield
rNeg     + . .     Spirit   .   a - +0 robe
rPois    ∞         Reflect  .   r - +2 helmet
rElec    .         Harm     .   (no cloak)
rCorr    .         Rampage  .   u - +0 pair of gloves
Will     .....                  (boots unavailable)
Stlth    +.........             (no amulet)
HPRegen  0.18/turn              (no ring)
MPRegen  0.00/turn              (no ring)

@: silenced, flying
A: sickness immunity, fire resistance 2, cold vulnerability 1, float, innate
caster, hp casting, extra vitality 1
a: no special abilities


You were on level 8 of the Dungeon.
You visited 1 branch of the dungeon, and saw 8 of its levels.

You collected 355 gold pieces.
You spent 180 gold pieces at shops.

Inventory:

Armour
 a - a +0 robe (worn)
 r - a +2 helmet (worn)
 u - a +0 pair of gloves (worn)
 y - a +0 kite shield (worn)
Magical Staves
 e - a staff of death (weapon)
Wands
 m - a wand of digging (6)
 v - a wand of iceblast (10)
Scrolls
 f - a scroll of teleportation
 i - 2 scrolls of silence
 j - 3 scrolls of identify {unknown}
 k - 2 scrolls of enchant weapon {unknown}
 l - a scroll of magic mapping {unknown}
 n - 2 scrolls of immolation {unknown}
 q - a scroll of noise {unknown}
 t - a scroll of holy word {unknown}
 x - a scroll of brand weapon {unknown}
Potions
 b - a potion of curing
 c - a potion of haste {unknown}
 d - 2 potions of degeneration {unknown}
 h - a potion of resistance {unknown}
 o - a potion of berserk rage
 s - a potion of flight {unknown}
 w - a potion of lignification {unknown}


   Skills:
 + Level 7.6 Dodging
 - Level 2.9 Stealth
 * Level 1.4 Shields
 * Level 8.0 Spellcasting


You had 2 spell levels left.
You knew the following spells:

 Your Spells              Type           Power      Damage    Failure   Level
a - Pain                  Necr           100%       1d9       1%          1
b - Animate Skeleton      Necr           100%       N/A       1%          1
c - Vampiric Draining     Necr           27%        2d9       6%          3
d - Animate Dead          Necr           27%        N/A       19%         4
e - Agony                 Necr           54%        N/A       47%         5
f - Freeze                Ice            100%       1d11      1%          1
g - Corpse Rot            Necr/Air       N/A        N/A       3%          2
h - Passwall              Tmut/Erth      31%        N/A       3%          2
i - Teleport Other        Tloc           38%        N/A       6%          3
Your spell library was empty.

Dungeon Overview and Level Annotations

Branches:
Dungeon (8/15)
 Temple: D:4-7         Lair: D:8-11

Altars:
Fedhas
Kikubaaqudgha
Makhleb
Ru
Trog
Uskayaw

Shops:
D:4 !

Annotations:
D:8 Pikel


Innate Abilities, Weirdness & Mutations

You are immune to sickness and miasma.
You are immune to poison.
Your flesh is very heat resistant. (rF++)
You are vulnerable to cold. (rC-)
You float through the air rather than walking.
You learn spells naturally, not from books.
Your magical power is your life essence.
You have superior vitality. (+4 HP)


Message History

There is an open door here.
There is an escape hatch in the ceiling here.
You reach down and open the door.
There is an open door here.
There is a stone staircase leading down here.
You fly downwards.
You hear the hiss of flowing sand.
There is an entrance to an ossuary on this level.
Hurry and find it before the portal is buried!
Level annotation: Pikel You hear the hiss of a distant avalanche of sand.
There is a stone staircase leading up here.
As you read the scroll labelled LAHOZE JIUMU, it crumbles to dust.
You feel strangely unstable.
It was a scroll of teleportation.
As you read the scroll labelled CYURAI UF ERGHE, it crumbles to dust.
It is a scroll of amnesia.
You feel forgetful for a moment.
As you read the scroll labelled TIUVUS GEWIOCK, it crumbles to dust.
A profound silence engulfs you.
It was a scroll of silence.
Drop what? 24/52 slots (_ for help) (? for menu, Esc to quit)
You drop a scroll of amnesia.
Your surroundings suddenly seem different.
You block the two-headed ogre's attack. The two-headed ogre barely misses you.
You cannot cast spells when silenced!
There is a stone staircase leading up here.
Okay, then.
The two-headed ogre hits you with a +0 giant club! x2
An orc comes into view. It is wielding a +0 short sword.
The orc moves out of view.
Found a scroll of teleportation.
A two-headed ogre comes into view.
It is wielding a +0 dire flail and a +0 giant spiked club.
You block the two-headed ogre's attack.
The two-headed ogre hits you with a +0 giant club!!
* * * LOW HITPOINT WARNING * * *
The centaur zombie hits you.
* * * LOW HITPOINT WARNING * * *
The centaur zombie closely misses you. The centaur zombie hits you.
* * * LOW HITPOINT WARNING * * *
The centaur zombie barely misses you. The centaur zombie hits you.
You die...

........############
....................
...................#
............<......#
...o.....(.........#
....O..............# ###
.?.................# #<#
............ZO.....# #.#
########.....@.....##....#
##############....# #....#
#....# #....# #....#
...#.#


You could see a two-headed ogre and a centaur zombie.

Vanquished Creatures
  A water moccasin (D:5)
  3 orc warriors (D:6)
  An ice beast (D:3)
  4 black bears
  A necrophage (D:4)
  A sky beast (D:7)
  An ogre (D:6)
  2 bullfrogs (D:7)
  3 scorpions
  A water moccasin skeleton (D:6)
  4 howler monkeys
  A jelly (D:7)
  A bullfrog zombie (D:7)
  3 hounds
  An orc priest (D:6)
  2 iguanas
  An orc wizard (D:6)
  A killer bee zombie (D:7)
  Robin (D:2)
  3 gnolls (D:4)
  7 adders
  A shadow imp (D:6)
  4 white imps
  An ufetubus (D:5)
  4 worms
  3 dart slugs
  9 orcs
  6 ball pythons
  6 bats
  6 endoplasms
  3 giant cockroaches
  7 hobgoblins
  4 jackals (D:1)
  2 quokkas
  2 frilled lizards
  16 goblins
  8 kobolds
  10 rats
135 creatures vanquished.

Notes
Turn   | Place    | Note
-------+----------+-------------------------------------------
     0 | D:1      | leviel the Djinni Necromancer began the quest for the Orb.
     0 | D:1      | Reached XP level 1. HP: 15/15 MP: 0/0
   306 | D:1      | Found a faded altar of an unknown god.
   455 | D:1      | Reached XP level 2. HP: 10/21 MP: 0/0
  1341 | D:1      | Reached XP level 3. HP: 12/25 MP: 0/0
  1341 | D:1      | Learned a level 1 spell: Freeze
  2949 | D:2      | Reached XP level 4. HP: 21/31 MP: 0/0
  2949 | D:2      | Noticed Robin
  2955 | D:2      | Killed Robin
  3897 | D:2      | Reached skill level 4 in Spellcasting
  3963 | D:2      | Reached XP level 5. HP: 29/35 MP: 0/0
  3963 | D:2      | Learned a level 2 spell: Corpse Rot
  4940 | D:3      | Noticed an ice beast
  5040 | D:3      | Killed an ice beast
  5041 | D:3      | Reached XP level 6. HP: 7/40 MP: 0/0
  6701 | D:4      | Reached XP level 7. HP: 41/45 MP: 0/0
  6701 | D:4      | Learned a level 2 spell: Passwall
  6740 | D:4      | Reached skill level 5 in Spellcasting
  6782 | D:4      | Found a burning altar of Makhleb.
  6782 | D:4      | Found a sacrificial altar of Ru.
  6894 | D:4      | Found Ajiwup's Distillery.
  7376 | D:4      | Bought a potion of berserk rage for 60 gold pieces
  7376 | D:4      | Bought a potion of curing for 36 gold pieces
  7376 | D:4      | Bought a potion of might for 48 gold pieces
  7376 | D:4      | Bought a potion of curing for 36 gold pieces
  7650 | D:5      | Entered Level 5 of the Dungeon
  7661 | D:5      | Noticed a water moccasin
  7669 | D:5      | Killed a water moccasin
  7670 | D:5      | Reached skill level 5 in Dodging
  7796 | D:5      | Found a bloodstained altar of Trog.
  7804 | D:5      | Reached XP level 8. HP: 42/50 MP: 0/0
  7807 | D:5      | Reached skill level 6 in Spellcasting
  8199 | D:5      | Found a blossoming altar of Fedhas.
  9031 | D:6      | Reached skill level 7 in Spellcasting
  9149 | D:6      | Reached XP level 9. HP: 35/55 MP: 0/0
  9149 | D:6      | Learned a level 3 spell: Teleport Other
  9808 | D:7      | Found a hide-covered altar of Uskayaw.
 11281 | D:7      | Reached skill level 1 in Shields
 11518 | D:8      | Noticed Pikel
 11526 | D:7      | Reached skill level 8 in Spellcasting
 11630 | D:8      | Noticed a two-headed ogre
 11756 | D:8      | Noticed a two-headed ogre
 11759 | D:8      | HP: 1/55 [centaur zombie (2)]
 11762 | D:8      | Slain by a centaur zombie

Illustrated notes

Levels and vault maps discovered:
D:1:      dpeg_arrival_ratfight, layout_loops_ring, basic_ecumenical_altar,
          nrook_uturn, minmay_3d_cube
D:2:      layout_loops_ring, item_on_display_a, uniq_robin
D:3:      layout_rooms, hangedman_abyss_or_decor_lesser_grid,
          chequers_arboretum, corexii_hall_statues_l
D:4:      layout_cave_pools, jmf_multi_god_temple, kennysheep_diamond
D:5:      layout_rooms, trog_ov_bears_minmay, nicolae_overflow_hidden_temple
D:6:      minmay_evil_eye, layout_basic, nicolae_overflow_crystal_walls,
          overflow_temple_1_default, minmay_temple_entry_glass
D:7:      layout_gridville, old_standard_altar
D:8:      layout_basic, nicolae_ossuary_entry_monument, special_room
          [special_room_orc], uniq_joseph, uniq_pikel

Skill      XL: |  1  2  3  4  5  6  7  8  9 |
---------------+----------------------------+-----
Stealth        | 2 |  2.9
Dodging        | 3 4 5 6 7 |  7.6
Spellcasting   | 4 5 7 8 |  8.0
Shields        | 1 |  1.4

Action                   |  1- 3 |  4- 6 |  7- 9 || total
-------------------------+-------+-------+-------++-------
Melee: Staff             |       |       |    38 ||    38
 Cast: Pain              |    77 |    93 |    69 ||   239
       Animate Skeleton  |     1 |     3 |       ||     4
       Vampiric Draining |       |     9 |    43 ||    52
       Corpse Rot        |       |     1 |     1 ||     2
       Freeze            |       |       |    82 ||    82
       Passwall          |       |       |     1 ||     1
       Animate Dead      |       |       |     3 ||     3
       Teleport Other    |       |       |     5 ||     5
Evoke: Wand              |       |       |    13 ||    13
  Use: Potion            |       |       |     5 ||     5
       Scroll            |       |       |     3 ||     3
Armor: Robe              |       |    10 |    46 ||    56
Dodge: Dodged            |    11 |    37 |   180 ||   228
Block: Buckler           |       |       |     5 ||     5
       Kite shield       |       |       |     4 ||     4

Table legend: (Time is in decaauts)
 A = Elapsed time spent in this place.
 B = Non-inter-level travel time spent in this place.
 C = Inter-level travel time spent in this place.
 D = Time resting spent in this place.
 E = Time spent auto-exploring this place.
 F = Levels seen in this place.
 G = Mean time per level.
                   A        B        C        D        E       F      G
               +--------+--------+--------+--------+--------+-----+--------+
         Total |  11786 |  11524 |    262 |   3679 |   6494 |   8 | 1473.2 |
       Dungeon |  11786 |  11524 |    262 |   3679 |   6494 |   8 | 1473.2 |
               +--------+--------+--------+--------+--------+-----+--------+

Top non-repeatable levels by time:
     D:1: 2867 daAuts
     D:7: 1993 daAuts
     D:3: 1722 daAuts
     D:4: 1661 daAuts
     D:2: 1400 daAuts
     D:5: 1210 daAuts
     D:6: 907 daAuts
     D:8: 23 daAuts
